cohdb
Replays
Latest Replays
All Replays
Popular Replays
Top Player Replays
Match Explorer
How It Works
Community
CoH3 Stats
Reddit
Sign in to upload your games and track your stats! →
Sign in with Steam
Match 42336206
Unlisted
Match 42336206
Overview
Messages
Build Orders
End
Vickers Machine Gun Team
Selects Heavy Armor Battlegroup
Construct Section Command Post
Infantry Section
Grenade Package
Infantry Section
Construct Field Infirmary
Selects Rigorous Vehicle Training
Construct Platoon Command Post
6-pounder Anti-tank Gun Team
Humber Armored Car
Kylen
runningDuck
ASPEKTAKLE
Anhangá
Arkho
b1ackie360
0
0
Comments
sign in to comment!
No comments posted yet!